 Dungeon Crawl Stone Soup version 0.29-a0-334-gb41bcbb86e (webtiles) character file.

Game seed: 13898964585435219522

1654 zishaf the Chiller (level 9, -7/55 HPs)
             Began as an Octopode Ice Elementalist on Apr 15, 2022.
             Was a Follower of Fedhas.
             Killed from afar by a white imp (12 damage)
             ... with a puff of frost
             ... on level 7 of the Dungeon.
             The game lasted 00:11:51 (6858 turns).

zishaf the Chiller (Octopode Ice Elementalist)      Turns: 6858, Time: 00:11:53

Health: -7/55      AC:  1    Str:  8    XL:     9   Next: 0%
Magic:  15/15      EV: 13    Int: 25    God:    Fedhas [*.....]
Gold:   453        SH:  0    Dex: 14    Spells: 4/16 levels left

rFire   . . .      SeeInvis .   a - +8 glaive "Arbiter" {vorpal, +Blink Fly}
rCold   . . .      Faith    .   (shield currently unavailable)
rNeg    . . .      Spirit   .   (helmet restricted)
rPois   .          Reflect  .   (no amulet)
rElec   .          Harm     .   w - +6 ring of intelligence
rCorr   .          Rampage  .   (no ring)
Will    .....                   (no ring)
Stlth   ++++......              (no ring)
HPRegen 0.18/turn               (no ring)
MPRegen 0.14/turn               (no ring)
                                (no ring)
                                (no ring)

@: flying
A: almost no armour, amphibious, 8 rings, camouflage 1, gelatinous body 1,
(nimble swimmer 1), tentacles
a: Renounce Religion, Evoke Blink


You were on level 7 of the Dungeon.
You worshipped Fedhas.
Fedhas was aware of your devotion.
You visited 2 branches of the dungeon, and saw 8 of its levels.

You collected 453 gold pieces.

Inventory:

Hand Weapons
 a - the +8 glaive "Arbiter" (weapon) {vorpal, +Blink Fly}
   (You found it on level 2 of the Dungeon)

   It inflicts extra damage upon your enemies.
   Fly:       It grants you flight.
   +Blink:    It lets you blink.
 b - the +6 arbalest "Damnation" {damnation}
   (You acquired it on level 5 of the Dungeon)

   Any ammunition fired from it explodes in a burst of damnation on striking a
   foe, dealing damage which bypasses armour.
 k - a +3 vampiric whip
 s - a +2 whip of electrocution
Missiles
 o - 4 boomerangs of dispersal (quivered)
Jewellery
 c - an amulet of regeneration
 g - an amulet of the acrobat
 w - a +6 ring of intelligence (left tentacle)
Wands
 A - a wand of mindburst (8)
Scrolls
 f - 6 scrolls of teleportation
 h - a scroll of torment {unknown}
 i - a scroll of noise {unknown}
 j - a scroll of fear {unknown}
 l - a scroll of amnesia
 m - a scroll of brand weapon
 r - 2 scrolls of enchant armour
 u - a scroll of holy word
 v - a scroll of enchant weapon
 x - a scroll of magic mapping {unknown}
Potions
 d - 5 potions of curing
 e - 4 potions of heal wounds
 n - a potion of magic
 p - a potion of cancellation
 q - 3 potions of mutation
 t - a potion of berserk rage
 z - a potion of flight


   Skills:
 - Level 2.4 Fighting
 + Level 4.7 Polearms
 + Level 0.0 Crossbows
 - Level 2.0 Dodging
 - Level 4.0 Stealth
 - Level 4.0 Spellcasting
 + Level 2.5 Transmutations
 - Level 6.0 Ice Magic
 + Level 2.5 Earth Magic
 + Level 5.2 Invocations
 - Level 3.0 Evocations


You had 4 spell levels left.
You knew the following spells:

 Your Spells              Type           Power      Damage    Failure   Level
a - Statue Form           Tmut/Erth      11%        N/A       99%         6
b - Frozen Ramparts       Ice            70%        1d9       2%          3
c - Ozocubu's Armour      Ice            35%        N/A       2%          3

Your spell library contained the following spells:

 Spells                   Type           Power      Damage    Failure   Level
 Freeze                   Ice            100%       1d11      1%          1
 Blink                    Tloc           10%        N/A       14%         2
 Lesser Beckoning         Tloc           5%         N/A       26%         3
 Hailstorm                Conj/Ice       20%        3d6       26%         4
 Petrify                  Tmut/Erth      17%        N/A       32%         4
 Metabolic Englaciation   Hex/Ice        10%        N/A       58%         5
 Manifold Assault         Tloc           5%         N/A       94%         5


Dungeon Overview and Level Annotations

Branches:
Dungeon (7/15)             Temple (1/1) D:4

Altars:
Dithmenos
Elyvilon
Fedhas
Hepliaklqana
Makhleb
Nemelex Xobeh
Ru
Uskayaw
Yredelemnul
Zin
Lugonu

Shops:
D:5 ?

Annotations:
D:1 dig scroll
D:3 dig vaults


Innate Abilities, Weirdness & Mutations

You cannot wear most types of armour.
You are amphibious.
You can wear up to eight rings at the same time.
Your skin changes colour to match your surroundings (Stealth+).
Your rubbery body absorbs attacks. (AC +1, EV +1)
((You are camouflaged when in or above water. (Stealth+)))
You have tentacles for arms and can constrict up to eight enemies at once.


Message History

Your experience leads to an increase in your attributes!
Your base attributes are Str 8, Int 19, Dex 12.
Increase (S)trength, (I)ntelligence, or (D)exterity?
You feel agile. x2
You start resting.
HP restored.
You see here 24 stones.
There is an open door here.
x - a scroll labelled HOUCEG QAYPUPN
Okay, then.
Items here: )) [[.
y - a scroll of identify
As you read the scroll of identify, it crumbles to dust.
z - a potion of flight
Items here: )) [[.
Okay, then.
Things that are here:
a +0 war axe; a +1 robe of positive energy A white imp, a wyvern and a sky beast come into view.
The wyvern hisses angrily.
You fly up into the air.
a - the +8 glaive "Arbiter" (weapon)
{vorpal, +Blink Fly} You reach to attack!
You hit the wyvern.
The wyvern is lightly wounded.
The wyvern barely misses you. The wyvern bites you!
You hit the wyvern.
The wyvern is moderately wounded.
The wyvern bites you!! The wyvern misses you.
You slash the wyvern!
The wyvern is almost dead.
The wyvern closely misses you. The sky beast hits you.
The sky beast shocks you. The wyvern bites you!
* * * LOW HITPOINT WARNING * * *
You slice the wyvern!!
You kill the wyvern!
Fedhas appreciates your contribution to the ecosystem.
The white imp gestures at you. The puff of frost hits you!
You die...
Fedhas appreciates your contribution to the ecosystem.

.##.######).#
.##.# #.## .##.#
#..#### . .##.#
##..#.## ..
.##'########.)).#
..#
..........####.##
.... ...(......#
#..## ...#
..........#
#...#5...#
..........#
#..@†.#
#...#######
#.##Y## ##).# #..
.# #..# ### .#
##.# .# ###.# .#
...># .# ##### .#


You could see a sky beast and a white imp.

Vanquished Creatures
  A wyvern (D:7)
  Duvessa (D:5)
  A sky beast (D:6)
  The ghost of Antichthon the Grasshopper, an amateur NaWr (D:3)
  2 ogres
  A phantom (D:5)
  4 necrophages
  A scorpion (D:5)
  5 wights (D:7)
  Dowan (D:5)
  2 hounds (D:4)
  3 jellies
  Crazy Yiuf (D:6)
  3 iguanas
  3 orc wizards
  A gnoll (D:1)
  10 adders
  An ufetubus (D:5)
  3 worms
  A dart slug (D:4)
  10 orcs
  2 ball pythons (D:2)
  8 endoplasms
  2 giant cockroaches
  5 goblins
  8 hobgoblins
  2 jackals (D:4)
  A quokka (D:1)
  7 bats
  2 frilled lizards (D:3)
  8 kobolds
  3 rats
104 creatures vanquished.

Vanquished Creatures (others)
  A bat (D:2)
  A frilled lizard (D:2)
  A rat (D:2)
  4 toadstools (D:1)
7 creatures vanquished.

Grand Total: 111 creatures vanquished

Notes
Turn   | Place    | Note
-------+----------+-------------------------------------------
     0 | D:1      | zishaf the Octopode Ice Elementalist began the quest for
                  | the Orb.
     0 | D:1      | Reached XP level 1. HP: 11/11 MP: 3/3
   383 | D:1      | Reached XP level 2. HP: 15/18 MP: 1/5
   786 | D:1      | Reached XP level 3. HP: 20/22 MP: 3/6
  1047 | D:2      | Reached skill level 1 in Fighting
  1404 | D:2      | Identified the +8 glaive "Arbiter" {vorpal, +Blink Fly}
  1455 | D:2      | Reached XP level 4. HP: 28/28 MP: 7/7
  1869 | D:3      | Learned a level 3 spell: Frozen Ramparts
  1873 | D:3      | Learned a level 3 spell: Ozocubu's Armour
  2053 | D:3      | Reached skill level 1 in Evocations
  2053 | D:3      | Reached XP level 5. HP: 19/34 MP: 8/8
  2338 | D:3      | Reached skill level 5 in Ice Magic
  2504 | D:3      | Found a runed translucent gate.
  2505 | D:3      | Found a runed translucent gate.
  2505 | D:3      | Found a runed translucent gate.
  2507 | D:3      | Noticed Antichthon's ghost (amateur NaWr)
  2796 | D:3      | Killed Antichthon's ghost
  2797 | D:3      | Reached XP level 6. HP: 18/39 MP: 6/9
  2999 | D:4      | Found a staircase to the Ecumenical Temple.
  3008 | Temple   | Entered the Ecumenical Temple
  3064 | Temple   | Became a worshipper of Fedhas Madash
  3525 | D:4      | Found a burning altar of Makhleb.
  3888 | D:4      | Found a shadowy altar of Dithmenos.
  3936 | D:4      | Reached skill level 1 in Invocations
  4002 | D:5      | Entered Level 5 of the Dungeon
  4014 | D:5      | Reached skill level 1 in Polearms
  4028 | D:5      | Found Baifrann's Magic Scroll Shoppe.
  4051 | D:5      | Reached skill level 6 in Ice Magic
  4051 | D:5      | Reached XP level 7. HP: 41/45 MP: 10/10
  4157 | D:5      | Reached * piety under Fedhas
  4347 | D:5      | Noticed Dowan
  4348 | D:5      | Noticed Duvessa
  4684 | D:5      | Identified a scroll of acquirement
  4684 | D:5      | Acquired the +6 arbalest "Damnation" {damnation}
  4684 | D:5      | Found the +6 arbalest "Damnation" {damnation}
  5095 | D:5      | Found a sacrificial altar of Ru.
  5438 | D:6      | Reached XP level 8. HP: 51/51 MP: 13/13
  5519 | D:5      | Found Baifrann's Magic Scroll Shoppe.
  5704 | D:5      | Killed Duvessa
  5714 | D:5      | Killed Dowan
  5723 | D:5      | Learned a level 6 spell: Statue Form
  6064 | D:6      | Reached skill level 1 in Transmutations
  6064 | D:6      | Reached skill level 1 in Earth Magic
  6189 | D:6      | Found a runed translucent door.
  6191 | D:6      | Noticed Crazy Yiuf
  6197 | D:6      | Killed Crazy Yiuf
  6297 | D:6      | Found a hazy altar of Hepliaklqana.
  6570 | D:7      | Reached skill level 5 in Invocations
  6717 | D:7      | Reached XP level 9. HP: 38/55 MP: 15/15
  6858 | D:7      | Killed from afar by a white imp

Illustrated notes

Levels and vault maps discovered:
D:1:      minmay_arrival_doors, layout_rooms, minmay_gold_behind_fungi,
          item_on_display_a
D:2:      layout_loops_ring, supply_closet_lemuel, lemuel_old_faithful
D:3:      layout_loops_ring, serial_aquarium, aquarium_bridge_square
          [aquarium_subvault_wall, aquarium_subvault_wall,
          aquarium_subvault_wall, aquarium_subvault_bridge],
          aquarium_window_fake, aquarium_window_1, aquarium_window_fake,
          aquarium_window_corridor_3, aquarium_view_2b,
          aquarium_balcony_double_1, ebering_ghost_rock_garden,
          kennysheep_minor_cross, due_unseen_surprise
D:4:      layout_basic, lemuel_round_altar,
          mainiacjoe_overflow_concentric_impassable, minmay_temple_entry_arrows
D:5:      layout_loops_cross, mainiacjoe_overflow_surrounded_room, serial_shops,
          shop, uniq_duvessa
D:6:      layout_basic, worldfamousw_hep_ancestral_shrine, serial_glass,
          glass_columns_c, glass_columns_a, kennysheep_generic_room_4,
          uniq_crazy_yiuf_cottage
D:7:      layout_basic, minmay_fractal_squares_gapless_5
Temple:   corrupted_temple

Skill      XL: |  1  2  3  4  5  6  7  8 |
---------------+-------------------------+-----
Stealth        | 3 4 |  4.0
Fighting       | 1 2 |  2.4
Evocations     | 1 2 3 |  3.0
Ice Magic      | 5 6 |  6.0
Invocations    | 1 3 5 |  5.2
Polearms       | 1 3 4 |  4.7
Spellcasting   | 3 4 |  4.0
Transmutations | 2 |  2.5
Earth Magic    | 2 |  2.5
Dodging        | |  2.0

Action                   |  1- 3 |  4- 6 |  7- 9 || total
-------------------------+-------+-------+-------++-------
Melee: Spear             |    38 |       |       ||    38
       Constrict         |     9 |     7 |     5 ||    21
       Tentacles         |     4 |     8 |     4 ||    16
       Glaive            |     5 |    77 |    49 ||   131
       Punch             |       |       |     1 ||     1
 Fire: Arbalest          |       |       |    23 ||    23
Throw: Stone             |     2 |       |       ||     2
 Cast: Freeze            |    19 |       |       ||    19
       Ozocubu's Armour  |       |     1 |       ||     1
  Use: Scroll            |       |       |    17 ||    17
       Potion            |       |       |     1 ||     1
 Stab: Sleeping          |     5 |    12 |     2 ||    19
Armor: Skin              |     5 |     6 |     2 ||    13
Dodge: Dodged            |    31 |    29 |    39 ||    99

Table legend: (Time is in decaauts)
 A = Elapsed time spent in this place.
 B = Non-inter-level travel time spent in this place.
 C = Inter-level travel time spent in this place.
 D = Time resting spent in this place.
 E = Time spent auto-exploring this place.
 F = Levels seen in this place.
 G = Mean time per level.
                   A        B        C        D        E       F      G
               +--------+--------+--------+--------+--------+-----+--------+
         Total |   6957 |   6523 |    434 |    634 |   4982 |   8 |  869.6 |
       Dungeon |   6887 |   6493 |    394 |    634 |   4962 |   7 |  983.9 |
        Temple |     69 |     29 |     40 |      0 |     20 |   1 |   69.0 |
               +--------+--------+--------+--------+--------+-----+--------+

Top non-repeatable levels by time:
     D:5: 1299 daAuts
     D:4: 1272 daAuts
     D:3: 1259 daAuts
     D:6: 891 daAuts
     D:2: 886 daAuts
     D:1: 885 daAuts
     D:7: 393 daAuts
  Temple: 69 daAuts
